 Dungeon Crawl Stone Soup version 0.28-a0-1485-g077359a4bf (webtiles) character file.

Game seed: 7356865050096094756

16 1player the Sneak (level 2, -1/25 HPs)
             Began as a Djinni Delver on Jan 11, 2022.
             Killed from afar by a white imp (6 damage)
             ... with a puff of frost
             ... on level 5 of the Dungeon.
             The game lasted 00:02:05 (228 turns).

1player the Sneak (Djinni Delver)                    Turns: 228, Time: 00:02:05

Health: -1/25      AC:  3    Str: 11    XL:     2   Next: 75%
Gold:   52         EV: 12    Int: 11    God:
                   SH:  0    Dex: 14

rFire   + + .      SeeInvis .   a - +0 falchion
rCold   x . .      Faith    .   (no shield)
rNeg    . . .      Spirit   .   b - +0 leather armour
rPois   ∞          Reflect  .   (no helmet)
rElec   .          Harm     .   (no cloak)
rCorr   .          Rampage  .   (no gloves)
Will    .....                   (boots unavailable)
Stlth   ++........              (no amulet)
HPRegen 0.08/turn               (no ring)
MPRegen 0.00/turn               (no ring)

@: flying
A: sickness immunity, fire resistance 2, cold vulnerability 1, float, innate
caster, hp casting, extra vitality 1
a: no special abilities


You were on level 5 of the Dungeon.
You visited 1 branch of the dungeon, and saw 1 of its levels.

You collected 52 gold pieces.

Inventory:

Hand Weapons
 a - a +0 falchion (weapon)
 h - a +0 short sword
Armour
 b - a +0 leather armour (worn)
Wands
 g - a wand of digging (3)
Scrolls
 c - a scroll of fog
 d - a scroll of magic mapping
 e - a scroll of fear
Potions
 f - 2 potions of haste


   Skills:
 + Level 3.4 Fighting
 + Level 2.3 Long Blades
 - Level 2.1 Dodging
 - Level 4.1 Stealth


You had one spell level left.
You didn't know any spells.
Your spell library was empty.

Dungeon Overview and Level Annotations

Branches:
Dungeon (5/15)
 Temple: D:4-7

Altars:
Cheibriados


Innate Abilities, Weirdness & Mutations

You are immune to sickness and miasma.
You are immune to poison.
Your flesh is very heat resistant. (rF++)
You are vulnerable to cold. (rC-)
You float through the air rather than walking.
You learn spells naturally, not from books.
Your magical power is your life essence.
You have superior vitality. (+4 MHP)


Message History

a +0 club; an orc corpse
Found a potion of haste.
Found a stone staircase leading up.
You now have 42 gold pieces (gained 10).
You hear the slow rusting of a very distant drain.
f - 2 potions of haste (gained 1)
Found 10 gold pieces.
There is a stone staircase leading up here.
Found 12 gold pieces.
Found a stone staircase leading down.
Found a stone staircase leading down.
You now have 52 gold pieces (gained 10).
Found a stone staircase leading up.
A white imp comes into view.
The white imp shouts, "Begone, thou odious limp-willed scut!"
The white imp shouts, "Out, out, thou feckless roguish wastrel!"
You hit the white imp but do no damage. The white imp gestures at you.
The puff of frost hits you!
You feel a terrible chill!
You barely miss the white imp. The white imp hits you.
The white imp freezes you.
You feel a terrible chill!
Unknown command.
You hit the white imp.
The white imp is lightly wounded.
The white imp barely misses you.
You hit the white imp.
The white imp is severely wounded.
The white imp hits you but does no damage.
You barely miss the white imp.
The white imp is severely wounded.
The white imp hits you. The white imp freezes you.
You feel a terrible chill!
* * * LOW HITPOINT WARNING * * *
You barely miss the white imp.
The white imp is severely wounded.
The white imp summons a swarm of flies.
The white imp closely misses you. The white imp misses you.
You barely miss the white imp.
The white imp is severely wounded.
The white imp gestures at you. The puff of frost hits you.
You feel a terrible chill!
You die...

*,,,*#.,...###.........#..# *
**,,.##..,#................# **
**,,,..#..##................# ,*
*,,,,,........#............<.
,****,*,***#.#..........#...####.
,**,*,,***##......>...###.#.# #..
,,,,,,,,,,..........###*#.#####..
,,,***,,,***.##.#..## *..##.#...
,,,****,,* ***#.@###***####......
*,,,,**,,***,#.5##,,,,,,,,####...
**,,,,,,,,,....#*,,,,,,,,,,**#...
***,,,,,,*##.##*,,,,,,,,,,,,*#...
*,,,,,,,***#***,,,,,,,,,,,,,,##..
*,*,,,,,,*,***,,,,,,,,,,,,,,,,##.
*,,,,,,,,,,,*,,,,,,,,,,,,,,,,,,##
,,,,,,,,,**,*,,,,,,,,,,,,,,,,,,#.
*,,,,,,,,**,*,,,,,,,,,,,,,,,,,,#.


You could see a white imp.

Vanquished Creatures
  A hound zombie (D:5)
  An orc (D:5)
2 creatures vanquished.

Notes
Turn   | Place    | Note
-------+----------+-------------------------------------------
     0 | D:5      | 1player the Djinni Delver began the quest for the Orb.
     0 | D:5      | Reached XP level 1. HP: 20/20 MP: 0/0
    46 | D:5      | Found a snail-covered altar of Cheibriados.
   102 | D:5      | Reached XP level 2. HP: 17/25 MP: 0/0
   228 | D:5      | Killed from afar by a white imp

Illustrated notes

Levels and vault maps discovered:
D:5:      kennysheep_big_flooded_room, layout_cave_pools,
          mainiacjoe_overflow_paths, cheibrodos_sewer_entry_sluice

Skill      XL: |  1 |
---------------+----+-----
Long Blades    | 2 |  2.3
Fighting       | |  3.4
Dodging        | |  2.1
Stealth        | |  4.1

Action                   || total
-------------------------++-------
Melee: Falchion          ||    20
  Use: Scroll            ||     1
Armor: Leather armour    ||     3
Dodge: Dodged            ||    15

Table legend: (Time is in decaauts)
 A = Elapsed time spent in this place.
 B = Non-inter-level travel time spent in this place.
 C = Inter-level travel time spent in this place.
 D = Time resting spent in this place.
 E = Time spent auto-exploring this place.
 F = Levels seen in this place.
 G = Mean time per level.
                   A        B        C        D        E       F      G
               +--------+--------+--------+--------+--------+-----+--------+
         Total |    231 |    231 |      0 |     37 |      0 |   1 |  231.0 |
       Dungeon |    231 |    231 |      0 |     37 |      0 |   1 |  231.0 |
               +--------+--------+--------+--------+--------+-----+--------+

Top non-repeatable levels by time:
     D:5: 231 daAuts
